 Dungeon Crawl Stone Soup version 0.28.0-43-g3370ac3207 (webtiles) character file.

Game seed: 4688557303602063820

36 nickcage the Poker (level 3, -4/29 HPs)
             Began as a Demonspawn Abyssal Knight on Mar 24, 2022.
             Was a Follower of Lugonu.
             Slain by a gnoll
             ... wielding a +0 halberd
              (13 damage)
             ... on level 2 of the Dungeon.
             The game lasted 00:03:50 (1801 turns).

nickcage the Poker (Demonspawn Abyssal Knight)      Turns: 1801, Time: 00:03:51

Health: -4/29      AC:  8    Str: 15    XL:     3   Next: 19%
Magic:  4/4        EV:  6    Int: 11    God:    Lugonu [*.....]
Gold:   41         SH:  0    Dex: 13    Spells: 2/2 levels left

rFire   . . .      SeeInvis .   a - +1 spear
rCold   . . .      Faith    .   (no shield)
rNeg    . . .      Spirit   .   f - +0 chain mail
rPois   .          Reflect  .   (no helmet)
rElec   .          Harm     .   (no cloak)
rCorr   +          Rampage  .   (no gloves)
Will    .....                   (no boots)
Stlth   ..........              (no amulet)
HPRegen 0.09/turn               d - ring of resist corrosion
MPRegen 0.09/turn               (no ring)

@: no status effects
A: claws 1
a: Renounce Religion, Depart the Abyss


You were on level 2 of the Dungeon.
You worshipped Lugonu.
Lugonu was aware of your devotion.
You visited 1 branch of the dungeon, and saw 2 of its levels.
You visited the Abyss 1 time.

You collected 41 gold pieces.

Inventory:

Hand Weapons
 a - a +1 spear (weapon)
Armour
 b - a +0 leather armour
 f - a +0 chain mail (worn)
Jewellery
 d - a ring of resist corrosion (left claw)
Wands
 h - a wand of iceblast (12)
Scrolls
 e - a scroll of enchant weapon {unknown}
Potions
 g - a potion of degeneration {unknown}


   Skills:
 - Level 3.0 Fighting
 + Level 3.3 Polearms
 - Level 1.7 Armour
 - Level 0.8 Dodging
 - Level 2.4 Invocations


You had 2 spell levels left.
You didn't know any spells.
Your spell library contained the following spells:

 Spells                   Type           Power      Damage    Failure   Level
 Pain                     Necr           0%         1d4       100%        1
 Ensorcelled Hibernation  Hex/Ice        0%         N/A       100%        2
 Spider Form              Tmut/Pois      0%         N/A       100%        3
 Anguish                  Hex/Necr       0%         N/A       100%        4
 Agony                    Necr           0%         N/A       100%        5
 Excruciating Wounds      Necr           0%         N/A       100%        5


Dungeon Overview and Level Annotations

Branches:
Dungeon (2/15)

Altars:


Innate Abilities, Weirdness & Mutations

You have sharp fingernails.


Message History

Lugonu accepts your kill. The gnoll closely misses you.
You have reached level 3!
Your experience leads to an increase in your attributes!
Increase (S)trength, (I)ntelligence, or (D)exterity?
You feel stronger. x2
The frilled lizard closely misses you.
There is a stone staircase leading up here.
The frilled lizard bites you but does no damage.
You climb upwards.
There is a stone staircase leading down here.
You hit the frilled lizard.
You kill the frilled lizard!
Lugonu accepts your kill.
You start resting.
HP restored.
There is a stone staircase leading down here.
You climb downwards.
Found a scroll labelled KUOGIOSTUN.
There is a stone staircase leading up here.
As you read the scroll labelled ESAISO COPPY, it crumbles to dust.
It is a scroll of amnesia.
You feel forgetful for a moment.
A goblin comes into view. It is wielding a +0 dagger.
The goblin shouts!
You reach to attack!
You closely miss the gnoll.
The gnoll hits you from afar with a +0 halberd.
A goblin comes into view. It is wielding a +0 dagger.
You reach to attack!
The goblin shouts!
You hit the gnoll but do no damage.
The gnoll hits you from afar with a +0 halberd!
You reach to attack!
You hit the gnoll but do no damage.
The gnoll hits you from afar with a +0 halberd.
You reach to attack!
You hit the gnoll.
The gnoll is lightly wounded.
The gnoll hits you from afar with a +0 halberd!
You are too injured to fight recklessly!
The gnoll hits you from afar with a +0 halberd!
You die...

..........
##........# ..
##.........###.#
................
##............#
...........g.###
#.............#
.##....g........
.......@........
..?##...........
.......##g###...
.....## ... ..
..... #### ####
####.#....
....#... .......


You could see a gnoll and 2 goblins.

Vanquished Creatures
  A gnoll (D:2)
  An endoplasm (D:1)
  A giant cockroach (D:1)
  3 goblins (D:1)
  5 hobgoblins
  4 quokkas (D:1)
  2 ball pythons (D:1)
  2 bats
  A frilled lizard (D:1)
  2 kobolds (D:1)
  3 rats (D:1)
25 creatures vanquished.

Notes
Turn   | Place    | Note
-------+----------+-------------------------------------------
     0 | Abyss:1  | nickcage the Demonspawn Abyssal Knight began the quest for
                  | the Orb.
     0 | Abyss:1  | Reached XP level 1. HP: 18/18 MP: 2/2
     0 | D:1      | Escaped the Abyss
    19 | D:1      | Noticed a lindwurm
    19 | D:1      | Noticed a scorpion
    19 | D:1      | Noticed an anaconda
    20 | D:1      | Noticed a swamp drake
    20 | D:1      | Noticed a polar bear
    49 | D:1      | Reached * piety under Lugonu
   192 | D:1      | Found a faded altar of an unknown god.
   574 | D:1      | Gained mutation: You have sharp fingernails. [demonic
                  | ancestry]
   574 | D:1      | Reached XP level 2. HP: 23/24 MP: 3/3
  1511 | D:2      | Identified the +4 falchion "Heliamn" {vorpal, rF- rCorr
                  | Dex+4}
  1526 | D:2      | Reached XP level 3. HP: 7/29 MP: 4/4
  1801 | D:2      | Slain by a gnoll

Illustrated notes

Levels and vault maps discovered:
D:1:      onia_arrival_zoo_common, layout_loops_ring,
          chequers_ecumenical_altar_simple,
          nicolae_concentric_dashed_squares_mild
D:2:      layout_rooms, basic_altar

Skill      XL: |  1  2 |
---------------+-------+-----
Polearms       | 2 3 |  3.3
Fighting       | |  3.0
Armour         | |  1.7
Dodging        | |  0.8
Invocations    | |  2.4

Action                   || total
-------------------------++-------
Melee: Spear             ||   102
       Punch             ||     2
Invok: Depart the Abyss  ||     1
  Use: Scroll            ||     1
 Stab: Sleeping          ||     1
Armor: Leather armour    ||    22
       Chain mail        ||     4
Dodge: Dodged            ||    51
